 Dungeon Crawl Stone Soup version 0.22.1-2-g9c5b331 (webtiles) character file.

14763 lysyklops the Protected (level 11, -1/102 HPs)
             Began as a Minotaur Fighter on Dec 11, 2018.
             Was an Elder of the Shining One.
             Slain by an eight-headed hydra (3 damage)
             ... on level 1 of the Lair of Beasts.
             The game lasted 00:17:33 (8925 turns).

lysyklops the Protected (Minotaur Fighter)          Turns: 8925, Time: 00:17:33

Health: -1/102     AC: 10    Str: 25    XL:     11   Next: 93%
Magic:  14/14      EV:  9    Int:  5    God:    the Shining One [****..]
Gold:   348        SH: 21    Dex:  9    Spells: 10/10 levels left

rFire    + . .     SeeInvis .   a - +0 war axe
rCold    + . .     Gourm    .   c - +0 shield
rNeg     + + .     Faith    .   b - +0 scale mail
rPois    .         Spirit   .   (helmet restricted)
rElec    .         Reflect  .   D - scarf {rC+ rF+}
rCorr    .         Harm     .   r - +0 pair of gloves
MR       .....                  (no boots)
Stlth    ..........             (no amulet)
HPRegen  0.27/turn              (no ring)
MPRegen  0.14/turn              (no ring)

@: divine shield, marked, slowed, glowing, very slow
A: retaliatory headbutt, horns 2
a: Divine Shield, Cleansing Flame, Renounce Religion


You were on level 1 of the Lair of Beasts.
You worshipped the Shining One.
The Shining One was greatly pleased with you.
You were hungry.

You visited 2 branches of the dungeon, and saw 12 of its levels.

You collected 700 gold pieces.
You spent 352 gold pieces at shops.

Inventory:

Hand Weapons
 a - a +0 war axe (weapon)
Armour
 b - a +0 scale mail (worn)
 c - a +0 shield (worn)
 r - a +0 pair of gloves (worn)
 D - a scarf of resistance (worn)
Jewellery
 t - an uncursed ring of resist corrosion {unknown}
 y - an uncursed ring of see invisible {unknown}
 J - an uncursed ring of flight {unknown}
 L - an uncursed ring of see invisible {unknown}
 M - a cursed ring of attention {unknown}
Wands
 B - a wand of flame (53)
 C - a wand of enslavement (31)
Scrolls
 g - 4 scrolls of teleportation {unknown}
 h - 8 scrolls of identify {unknown}
 i - 3 scrolls of random uselessness {unknown}
 j - 2 scrolls of magic mapping {unknown}
 k - 2 scrolls of amnesia {unknown}
 l - 4 scrolls of fear {unknown}
 o - 3 scrolls of fog {unknown}
 u - a scroll of immolation {unknown}
 w - a scroll of enchant armour {unknown}
 A - a scroll of remove curse {unknown}
 E - a scroll of brand weapon {unknown}
 G - a scroll of blinking {unknown}
 H - a scroll of enchant weapon {unknown}
 K - a scroll of noise {unknown}
Potions
 d - 2 potions of might
 e - 2 potions of agility {unknown}
 m - 3 potions of haste {unknown}
 n - a potion of flight {unknown}
 p - 2 potions of brilliance {unknown}
 q - 5 potions of heal wounds
 s - 6 potions of curing
 v - a potion of degeneration {unknown}
 x - 2 potions of cancellation {unknown}
 z - 3 potions of ambrosia {unknown}
 F - a potion of mutation {unknown}
Comestibles
 f - 20 rations


   Skills:
 + Level 11.4 Fighting
 + Level 11.1 Axes
 + Level 11.5 Armour
 + Level 11.4 Shields
 + Level 6.4 Invocations


You had 10 spell levels left.
You didn't know any spells.
Your spell library contained the following spells:

 Spells                   Type           Power        Failure   Level  Hunger
 Shock                    Conj/Air       #...         86%         1    ##.....
 Swiftness                Chrm/Air       #.......     94%         2    ###....
 Static Discharge         Conj/Air       #.......     99%         3    ####...
 Airstrike                Air            #.........   100%        4    #####..
 Lightning Bolt           Conj/Air       #.........   100%        5    ######.


Dungeon Overview and Level Annotations

Branches:
Dungeon (11/15)            Temple (0/1) D:7            Lair (1/6) D:11
    Orc (0/2) D:9

Altars:
Dithmenos
Elyvilon
Fedhas
Hepliaklqana
Kikubaaqudgha
Makhleb
Qazlal
Sif Muna
Vehumet
Wu Jian
Xom
Yredelemnul
Zin
The Shining One

Shops:
D:6 [   D:10 %   D:11 !

Portals:
Labyrinth: Lair:1


Innate Abilities, Weirdness & Mutations

You reflexively headbutt those who attack you in melee.
You have a pair of horns on your head.


Message History

* * * LOW HITPOINT WARNING * * *
The eight-headed hydra bites you!
* * * LOW HITPOINT WARNING * * *
The eight-headed hydra bites you but does no damage.
You block the eight-headed hydra's attack. x2
The eight-headed hydra bites you.
* * * LOW HITPOINT WARNING * * *
The eight-headed hydra misses you.
You see here a water moccasin corpse.
You feel better.
You block the eight-headed hydra's attack.
The eight-headed hydra bites you!
* * * LOW HITPOINT WARNING * * *
You block the eight-headed hydra's attack. x2
The eight-headed hydra completely misses you.
The eight-headed hydra closely misses you.
The eight-headed hydra barely misses you.
You block the eight-headed hydra's attack.
You block the crocodile's attack. The eight-headed hydra bites you.
You die...

#...#.P.#
#....#..## ## .
.##...#...$##P#..
................
#...#.)..P#
#.#)(.P## #
#.......#
....##D###...#
.......t@...#(#
####.#P######.# #
## #.# #.##
##..##########
#P............
##.##P...#..#
#..........##
.##.
#.###.......#


You could see an eight-headed hydra and a crocodile.

Vanquished Creatures
  Harold (Lair:1)
  A two-headed ogre (D:11)
  Sonja (Lair:1)
  2 unseen horrors
  2 cyclopes (D:11)
  An ugly thing (D:11)
  Joseph (D:9)
  2 trolls (D:9)
  3 hornets
  A hippogriff (D:11)
  9 yaks
  A basilisk (D:11)
  A hungry ghost (D:9)
  Edmund (D:4)
  2 porcupines (D:11)
  A water moccasin (Lair:1)
  4 sky beasts
  An ice beast (D:7)
  9 orc warriors
  A black bear (D:7)
  2 phantoms
  9 centaurs
  10 ogres
  A necrophage (D:11)
  2 crocodiles (D:11)
  5 big kobolds
  6 bullfrogs
  A gnoll sergeant (D:9)
  A wyvern zombie (D:6)
  A water moccasin zombie (D:6)
  A water moccasin skeleton (D:11)
  6 killer bees (D:9)
  3 scorpions
  3 wights (D:10)
  2 howler monkeys (D:8)
  3 jellies
  7 crimson imps
  A quasit (D:10)
  4 bullfrog zombies
  2 centaur zombies
  3 bullfrog skeletons
  5 orc priests
  4 orc wizards
  A gnoll shaman (D:5)
  7 hounds
  Terence (D:2)
  5 iguanas
  8 worker ants
  A killer bee zombie (D:10)
  A hound zombie (D:11)
  3 hound skeletons
  A worker ant zombie (D:6)
  9 gnolls
  14 adders
  A shadow imp (D:7)
  An ooze (D:3)
  2 adder zombies
  4 worms
  6 leopard geckos
  44 orcs
  A ball python (D:1)
  5 giant cockroaches
  7 goblins
  7 hobgoblins
  11 jackals
  A quokka (D:2)
  8 bats
  2 frilled lizards
  A jackal zombie (D:6)
  20 kobolds
  2 leopard gecko skeletons
  2 quokka zombies
  3 rats
306 creatures vanquished.

Vanquished Creatures (others)
  5 fungi (D:11)
  15 plants (D:11)
20 creatures vanquished.

Grand Total: 326 creatures vanquished

Notes
Turn   | Place    | Note
-------+----------+-------------------------------------------
     0 | D:1      | lysyklops the Minotaur Fighter began the quest for the Orb.
     0 | D:1      | Reached XP level 1. HP: 19/19 MP: 0/0
   212 | D:1      | Reached XP level 2. HP: 25/27 MP: 1/1
   630 | D:2      | Reached XP level 3. HP: 29/33 MP: 2/2
   762 | D:2      | Found a faded altar of an unknown god.
   762 | D:2      | Found a shimmering altar of Xom.
   767 | D:2      | Found an ancient bone altar of Kikubaaqudgha.
   769 | D:2      | Found a hazy altar of Hepliaklqana.
   771 | D:2      | Found a faded altar of an unknown god.
   830 | D:2      | Noticed Terence
   835 | D:2      | Killed Terence
   835 | D:2      | Reached XP level 4. HP: 32/41 MP: 3/3
  1337 | D:3      | Found a basalt altar of Yredelemnul.
  1400 | D:3      | Found a white marble altar of Elyvilon.
  1465 | D:3      | Reached XP level 5. HP: 47/47 MP: 4/4
  1513 | D:3      | Found an ornate altar of the Wu Jian Council.
  1840 | D:4      | Noticed Edmund
  1851 | D:4      | Reached skill level 5 in Fighting
  1851 | D:4      | Reached skill level 5 in Armour
  1851 | D:4      | Reached skill level 5 in Shields
  1856 | D:4      | Killed Edmund
  1856 | D:4      | Reached XP level 6. HP: 48/56 MP: 5/5
  1951 | D:4      | You fall through a shaft for 3 floors!
  1980 | D:7      | Noticed an orc warrior
  1992 | D:7      | Killed an orc warrior
  2255 | D:7      | Found a deep blue altar of Sif Muna.
  2285 | D:7      | Found a burning altar of Makhleb.
  2289 | D:7      | Reached XP level 7. HP: 60/62 MP: 6/6
  2319 | D:7      | Reached skill level 5 in Axes
  2326 | D:7      | Found a radiant altar of Vehumet.
  2392 | D:6      | Found a glowing golden altar of the Shining One.
  2398 | D:6      | Became a worshipper of the Shining One
  2456 | D:6      | Reached XP level 8. HP: 54/71 MP: 7/7
  2461 | D:5      | Entered Level 5 of the Dungeon
  2835 | D:5      | Reached * piety under the Shining One
  2966 | D:5      | Found a shadowy altar of Dithmenos.
  4097 | D:6      | Found Bem Diuq's Antique Armour Emporium.
  4104 | D:6      | Reached XP level 9. HP: 64/81 MP: 8/8
  4112 | D:6      | Bought a runed scarf for 216 gold pieces
  4175 | D:6      | Found a blossoming altar of Fedhas.
  4185 | D:6      | Found a stormy altar of Qazlal.
  4625 | D:7      | Found a staircase to the Ecumenical Temple.
  4664 | D:7      | Reached ** piety under the Shining One
  4777 | D:7      | Found a glowing silver altar of Zin.
  4777 | D:7      | Noticed an angel
  4778 | D:7      | Noticed a blizzard demon
  5260 | D:8      | Reached skill level 1 in Invocations
  5660 | D:9      | Noticed a troll
  5668 | D:9      | Killed a troll
  5810 | D:9      | Noticed Joseph
  5824 | D:9      | Killed Joseph
  5824 | D:9      | Reached XP level 10. HP: 36/91 MP: 9/11
  6166 | D:9      | Reached *** piety under the Shining One
  6625 | D:9      | Found a staircase to the Orcish Mines.
  6935 | D:10     | Entered Level 10 of the Dungeon
  6979 | D:10     | Reached skill level 10 in Armour
  7049 | D:10     | Reached skill level 10 in Fighting
  7049 | D:10     | Reached skill level 10 in Shields
  7079 | D:10     | Noticed an unseen horror
  7127 | D:10     | Killed an unseen horror
  7228 | D:10     | Reached skill level 10 in Axes
  7228 | D:10     | Reached XP level 11. HP: 48/101 MP: 13/13
  7593 | D:10     | Found Kiryrah's Food Boutique.
  7847 | D:11     | Reached skill level 5 in Invocations
  7868 | D:11     | Found Kuxaac's Distillery.
  7876 | D:11     | Bought a potion of curing for 51 gold pieces
  7876 | D:11     | Bought a potion of heal wounds for 85 gold pieces
  7955 | D:11     | Reached **** piety under the Shining One
  7956 | D:11     | Found a staircase to the Lair.
  8218 | D:11     | Noticed an unseen horror
  8225 | D:11     | Killed an unseen horror
  8276 | D:11     | Noticed a two-headed ogre
  8289 | D:11     | Killed a two-headed ogre
  8424 | D:11     | Noticed a purple ugly thing
  8517 | D:11     | Killed a purple ugly thing
  8865 | Lair:1   | Entered Level 1 of the Lair of Beasts
  8867 | Lair:1   | Found a labyrinth entrance.
  8896 | Lair:1   | Noticed Harold
  8897 | Lair:1   | Noticed Sonja
  8917 | Lair:1   | Killed Harold
  8917 | Lair:1   | Killed Sonja
  8919 | Lair:1   | Noticed a seven-headed hydra
  8923 | Lair:1   | HP: 3/102 [eight-headed hydra (13)]
  8923 | Lair:1   | HP: 1/102 [eight-headed hydra (2)]
  8925 | Lair:1   | Slain by an eight-headed hydra

Skill      XL: |  1  2  3  4  5  6  7  8  9 10 11 |
---------------+----------------------------------+-----
Armour         | 4 5 6 7 9 10 11 | 11.5
Fighting       | 4 5 6 7 9 10 11 | 11.4
Shields        | 4 5 6 7 9 10 11 | 11.4
Axes           | 3 4 5 7 8 10 11 | 11.1
Invocations    | 2 4 6 |  6.4

Action                   |  1- 3 |  4- 6 |  7- 9 | 10-12 || total
-------------------------+-------+-------+-------+-------++-------
Melee: War axe           |    80 |   105 |   314 |   407 ||   906
       Headbutt          |     8 |    24 |    50 |    75 ||   157
Invok: Divine Shield     |       |       |     1 |     9 ||    10
  Use: Potion            |       |       |       |     1 ||     1
  Eat: Chunk             |       |     3 |     6 |    10 ||    19
       Ration            |       |     1 |     2 |       ||     3
Armor: Scale mail        |    44 |    45 |    86 |   111 ||   286
Dodge: Dodged            |    36 |    32 |    88 |   102 ||   258
Block: Shield            |    45 |    52 |   175 |   382 ||   654
